 Dungeon Crawl Stone Soup version 0.30-a0-297-g0ec75d9ef4 (webtiles) character file.

Game seed: 18015347530112116326

720 Bnni the Shooter (level 8, -8/63 HPs)
             Began as a Formicid Hunter on Oct 18, 2022.
             Was a Priest of Okawaru.
             Mangled by Duvessa
             ... wielding a +3 short sword of venom
              (20 damage)
             ... on level 5 of the Dungeon.
             The game lasted 00:07:05 (4095 turns).

Bnni the Shooter (Formicid Hunter)                  Turns: 4095, Time: 00:07:11

Health: -8/63      AC:  4    Str: 15    XL:     8   Next: 2%
Magic:  7/9        EV: 15    Int: 10    God:    Okawaru [***...]
Gold:   182        SH:  0    Dex: 19    Spells: 7/7 levels left

rFire   + . .      SeeInvis +    o - +0 hand crossbow
rCold   . . .      Faith    .    (no shield)
rNeg    . . .      Spirit   .    m - +1 leather armour {rF+}
rPois   +          Reflect  .    (helmet unavailable)
rElec   .          Harm     .    (no cloak)
rCorr   +          Rampage  .    (no gloves)
Will    .....                    (no boots)
Stlth   +++.......               (no amulet)
HPRegen 0.30/turn                u - ring of resist corrosion
MPRegen 0.11/turn                t - ring of poison resistance

@: lethally poisoned (-8 -> -29), heroic
A: permanent stasis, dig shafts and tunnels, antennae 3, four strong arms
a: Dig, Shaft Self, Renounce Religion, Heroism


You were on level 5 of the Dungeon.
You worshipped Okawaru.
Okawaru was most pleased with you.
You visited 1 branch of the dungeon, and saw 5 of its levels.

You collected 182 gold pieces.

Inventory:

Hand Weapons
 o - a +0 hand crossbow (weapon)
Armour
 j - a +0 ring mail of fire resistance
 m - a +1 leather armour of fire resistance (worn)
Jewellery
 e - a ring of flight
 t - a ring of poison resistance (right hand)
 u - a ring of resist corrosion (left hand)
Wands
 r - a wand of mindburst (13)
Scrolls
 b - 2 scrolls of immolation
 d - a scroll of amnesia {unknown}
 f - 2 scrolls of fog {unknown}
 h - 2 scrolls of enchant weapon {unknown}
 i - a scroll of poison {unknown}
 n - a scroll of enchant armour {unknown}
 s - 4 scrolls of fear {unknown}
Potions
 a - a potion of mutation
 g - 5 potions of heal wounds {unknown}
 k - 2 potions of brilliance
 l - 3 potions of flight
 p - 2 potions of might
 q - 4 potions of attraction


   Skills:
 + Level 5.4(10.4) Fighting
 * Level 7.7(12.7) Ranged Weapons
 - Level 1.7(6.7) Dodging
 - Level 1.2(6.2) Stealth
 + Level 1.9 Invocations


You had 7 spell levels left.
You didn't know any spells.
Your spell library contained the following spells:

 Spells                   Type           Power      Damage    Failure   Level
 Ensorcelled Hibernation  Hex/Ice        0%         N/A       56%         2
 Passwall                 Tmut/Erth      0%         N/A       56%         2
 Ozocubu's Armour         Ice            0%         N/A       80%         3
 Metabolic Englaciation   Hex/Ice        0%         N/A       100%        5
 Swiftness                Air            Unusable   N/A       N/A         3
 Simulacrum               Ice/Necr       Unusable   N/A       N/A         6

Dungeon Overview and Level Annotations

Branches:
Dungeon (5/15)             Temple (0/1) D:5

Altars:
Ashenzari
Fedhas
Okawaru
Trog

Annotations:
D:5 Duvessa


Innate Abilities, Weirdness & Mutations

You cannot be hasted, slowed, berserked, paralysed or teleported.
You can dig through walls and to a lower floor.
You have a pair of large antennae on your head. (SInv)
Your four strong arms can wield two-handed weapons with a shield.


Message History

Things that are here:
a +0 whip; a +0 robe
Things that are here:
a +0 hand axe; an orc corpse You see here a dart slug corpse.
You see here a scroll of teleportation.
You open the door.
Found a staircase to the Ecumenical Temple.
There is an open door here.
There is an open door here.
Duvessa, Sister of Dowan comes into view.
She is wielding a +3 short sword of venom and carrying a wand of light (3).
Duvessa goes berserk!
Okay, then.
You gain the combat prowess of a mighty hero.
You shoot a bolt. The bolt hits Duvessa!!
Duvessa is heavily wounded.
Duvessa hits you with a +3 short sword of venom!
Duvessa closely misses you.
You shoot a bolt. The bolt hits Duvessa!
Duvessa is severely wounded.
Duvessa hits you with a +3 short sword of venom!
Duvessa barely misses you.
You shoot a bolt. The bolt completely misses Duvessa.
Duvessa misses you. x2
You shoot a bolt.
The bolt hits Duvessa but does no damage.
Duvessa is severely wounded.
Duvessa hits you with a +3 short sword of venom!
Duvessa closely misses you.
You are too injured to fight recklessly!
You are too injured to fight recklessly!
Fire: o) +0 hand crossbow
Press: ? - help, Q - select action, (/) - cycle Shift-Dir - straight line, f/p - Duvessa
Aim: Duvessa, wielding a +3 short sword of venom, wearing a +0 ring mail, quivering stones and carrying a wand of light (3) (severely wounded, berserk, 77% to hit)
You shoot a bolt. The bolt hits Duvessa.
Duvessa is severely wounded.
Duvessa hits you with a +3 short sword of venom!
* * * LOW HITPOINT WARNING * * *
You are lethally poisoned!
Duvessa hits you with a +3 short sword of venom!!
You die...

.....## ##............## #..
....## ##..).........÷.## #..
....## ###................#####..
.##..###....#...######..#...##...
.###......##....## ##..####..#...
.# ###...##..##..###..## ##...##
.# #..##..####......## ##...## .#
######.## #.e###..###.....#
.##########..###@## #..##......##
..##8...8##......# ##.........).
..##.....#####...# ##......##...
#.##..>..# ##..## #......###.##
####.....# ##..###.....###..#
..##8...8#######..##......##...##
..####'####.......##............#
#.# ##.## ######......####.......
#####..≈## ##.....####........


You could see Duvessa (berserk).

Vanquished Creatures
  A black bear (D:5)
  A phantom (D:5)
  A necrophage (D:5)
  Dowan (D:5)
  5 hounds (D:5)
  A gnoll bouda (D:5)
  2 orc priests
  An iguana (D:4)
  An orc wizard (D:4)
  Ijyb (D:5)
  2 adders
  A white imp (D:5)
  2 ufetubi (D:4)
  2 worms
  5 dart slugs
  8 orcs
  8 ball pythons
  9 bats
  3 endoplasms
  A giant cockroach (D:4)
  8 goblins
  9 hobgoblins
  2 jackals (D:2)
  6 kobolds
  3 quokkas (D:3)
  2 frilled lizards
  3 rats
89 creatures vanquished.

Vanquished Creatures (others)
  15 fungi (D:4)
15 creatures vanquished.

Grand Total: 104 creatures vanquished

Notes
Turn   | Place    | Note
-------+----------+-------------------------------------------
     0 | D:1      | Bnni the Formicid Hunter began the quest for the Orb.
     0 | D:1      | Reached XP level 1. HP: 16/16 MP: 1/1
    84 | D:1      | Reached XP level 2. HP: 23/23 MP: 2/2
   159 | D:1      | Found a faded altar of an unknown god.
   170 | D:1      | Prayed at the altar of an unknown god.
   170 | D:1      | Became a worshipper of Warmaster Okawaru
   170 | D:1      | Reached * piety under Okawaru
   413 | D:1      | Reached XP level 3. HP: 28/28 MP: 3/3
   820 | D:2      | Identified the +3 ring mail "Yrchudw Duti" {*Corrode Str+9}
  1400 | D:3      | Reached XP level 4. HP: 35/35 MP: 4/4
  1413 | D:3      | Reached skill level 5 in Ranged Weapons
  1631 | D:3      | Found a broken altar of Ashenzari.
  1752 | D:3      | Reached XP level 5. HP: 41/41 MP: 5/5
  2076 | D:4      | Found a blossoming altar of Fedhas.
  2276 | D:4      | Found a bloodstained altar of Trog.
  2350 | D:4      | Reached skill level 6 in Ranged Weapons
  2350 | D:4      | Reached XP level 6. HP: 48/48 MP: 6/6
  2817 | D:5      | Entered Level 5 of the Dungeon
  2914 | D:5      | Noticed Dowan
  2916 | D:5      | Killed Dowan
  2916 | D:5      | Reached ** piety under Okawaru
  2923 | D:5      | Reached XP level 7. HP: 54/55 MP: 7/7
  2935 | D:5      | Reached skill level 7 in Ranged Weapons
  2978 | D:5      | Noticed Ijyb
  2986 | D:5      | Killed Ijyb
  3074 | D:5      | Reached skill level 5 in Fighting
  3485 | D:5      | Reached skill level 1 in Invocations
  3801 | D:5      | Reached *** piety under Okawaru
  3873 | D:5      | Found an iron altar of Okawaru.
  3880 | D:5      | Reached XP level 8. HP: 62/63 MP: 9/9
  4061 | D:5      | Found a staircase to the Ecumenical Temple.
  4089 | D:5      | Noticed Duvessa
  4095 | D:5      | Mangled by Duvessa

Illustrated notes

Levels and vault maps discovered:
D:1:      saegor_arrival_simple_d, layout_basic, ebering_ecumenical_altar_mist
D:2:      layout_loops_ring
D:3:      layout_loops_ring, evilmike_ruin_ashenzari
D:4:      layout_basic, overflow_temple_1_default,
          mainiacjoe_overflow_tiny_flanked, serial_aquarium,
          aquarium_bridge_long_separate [aquarium_subvault_bridge,
          aquarium_subvault_bridge, aquarium_subvault_bridge,
          aquarium_subvault_bridge, aquarium_subvault_window,
          aquarium_subvault_bridge], aquarium_bridge_square
          [aquarium_subvault_wall, aquarium_subvault_bridge,
          aquarium_subvault_bridge, aquarium_subvault_bridge],
          aquarium_window_1, aquarium_window_2, aquarium_window_1,
          aquarium_view_2b, aquarium_view_2d, aquarium_balcony_5b,
          aquarium_pool_2
D:5:      layout_layer_cave, marbit_many_paths, minmay_temple_entry_fiery,
          uniq_duvessa, uniq_ijyb

Skill      XL: |  1  2  3  4  5  6  7 |
---------------+----------------------+-----
Fighting       | 3 4 5 |  5.4
Ranged Weapons | 5 6 7 |  7.7
Invocations    | 1 |  1.9
Dodging        | |  1.7
Stealth        | |  1.2

Action                   |  1- 3 |  4- 6 |  7- 9 || total
-------------------------+-------+-------+-------++-------
 Fire: Shortbow          |    42 |       |       ||    42
       Hand crossbow     |    34 |    82 |    47 ||   163
Invok: Heroism           |       |       |     1 ||     1
 Abil: Dig               |       |     3 |       ||     3
  Use: Scroll            |       |     6 |     3 ||     9
Armor: Leather armour    |     2 |    11 |     5 ||    18
Dodge: Dodged            |    15 |    38 |    22 ||    75

Table legend: (Time is in decaauts)
 A = Elapsed time spent in this place.
 B = Non-inter-level travel time spent in this place.
 C = Inter-level travel time spent in this place.
 D = Time resting spent in this place.
 E = Time spent auto-exploring this place.
 F = Levels seen in this place.
 G = Mean time per level.
                   A        B        C        D        E       F      G
               +--------+--------+--------+--------+--------+-----+--------+
         Total |   4206 |   4013 |    193 |      0 |   3400 |   5 |  841.2 |
       Dungeon |   4206 |   4013 |    193 |      0 |   3400 |   5 |  841.2 |
               +--------+--------+--------+--------+--------+-----+--------+

Top non-repeatable levels by time:
     D:5: 1308 daAuts
     D:4: 968 daAuts
     D:1: 695 daAuts
     D:2: 630 daAuts
     D:3: 604 daAuts
